 Dungeon Crawl Stone Soup version 0.31-a0-133-gaae73658be (webtiles) character file.

Game seed: 13999859657825972296

63 Kenran the Slasher (level 4, -5/42 HPs)
             Began as a Naga Chaos Knight on June 2, 2023.
             Was a Plaything of Xom.
             Slain by Robin
             ... wielding a +0 heavy spear
              (6 damage)
             ... on level 2 of the Dungeon.
             The game lasted 00:01:51 (958 turns).

Kenran the Slasher (Naga Chaos Knight)               Turns: 958, Time: 00:01:52

Health: -5/42      AC:  5    Str: 14    XL:     4   Next: 9%
Magic:  4/4        EV:  9    Int: 13    God:    Xom [..*...]
Gold:   101        SH:  0    Dex: 12    Spells: 3/3 levels left

rFire   . . .        a - +0 long sword
rCold   . . .        (no shield)
rNeg    . . .        b - +2 leather armour
rPois   +            (no helmet)
rElec   .            (no cloak)
rCorr   .            (no gloves)
SInv    +            (no barding)
Will    .....        (no amulet)
Stlth   +            (no ring)
HPRegen 0.27/turn    (no ring)
MPRegen 0.09/turn

%: no passive effects
@: very slow
A: AC +1, large, see invisible, deformed body, poison resistance, slowness 2,
spit poison 1, naga tail 1
a: Spit Poison, Renounce Religion


You were on level 2 of the Dungeon.
You worshipped Xom.
You were a toy of Xom.
You visited 1 branch of the dungeon, and saw 2 of its levels.

You collected 101 gold pieces.

Inventory:

Hand Weapons
 a - a +0 long sword (weapon)
Armour
 b - a +2 leather armour (worn)
Scrolls
 d - a scroll of identify {@r1}
Potions
 e - 2 potions of ambrosia {unknown}
 f - 3 potions of curing {unknown}
 g - a potion of haste {unknown}
Miscellaneous
 c - a piece from Xom's chessboard (15/15) (quivered)


   Skills:
 - Level 3.0 Fighting
 + Level 4.8 Long Blades
 - Level 1.5 Armour
 - Level 0.7 Dodging


You had 3 spell levels left.
You didn't know any spells.
Your spell library was empty.

Dungeon Overview and Level Annotations

Branches:
Dungeon (2/15)

Altars:

Annotations:
D:2 Robin


Innate Abilities, Weirdness & Mutations

Your serpentine skin is tough. (AC +1)
You have supernaturally acute eyesight. (SInv)
Armour fits poorly on your strangely shaped body.
Your system is resistant to poisons. (rPois)
You cover ground very slowly.
You can spit poison.
You have a snake-like lower body.


Message History

The goblin goes into a battle-frenzy!
You hear a shout!
Aiming: Spit Poison (1% risk of failure)
Press: ? - help, Shift-Dir - straight line, f - Robin
Aim: Robin, wielding a +0 heavy spear, wearing a +0 animal skin and wearing a +0 helmet (70% to hit)
The splash of poison hits Robin.
Robin is lightly wounded.
The goblin hits you with a +0 club. Robin hits you but does no damage.
You hit the goblin.
You kill the goblin!
A goblin comes into view. It is wielding a +0 club.
You hit Robin.
Robin is lightly wounded.
Robin roars a battlecry!
Robin hits you with a +0 heavy spear.
A goblin comes into view. It is wielding a +0 club.
You barely miss Robin.
Robin is lightly wounded.
You have got your breath back.
You closely miss Robin.
Robin is lightly wounded.
Robin hits you with a +0 heavy spear!
You hit Robin.
Robin is moderately wounded.
Robin throws the goblin at you! The goblin hits you with a +0 club.
You hit Robin.
Robin is heavily wounded.
Robin closely misses you. The goblin hits you with a +0 club.
You hit Robin but do no damage.
Robin is heavily wounded.
The goblin hits you with a +0 club. Robin hits you with a +0 heavy spear!
* * * LOW HITPOINT WARNING * * *
You hit Robin.
Robin is heavily wounded.
The goblin hits you with a +0 club.
* * * LOW HITPOINT WARNING * * *
The goblin hits you with a +0 club.
* * * LOW HITPOINT WARNING * * *
Robin hits you with a +0 heavy spear.
You die...

#
#####.############
.....gg@g.......>#
......##########.#
##### #.# #.# #.#
#. #.# #.# #.# #.#
#†# #.# #)#


You could see Robin and 2 goblins.

Vanquished Creatures
  3 adders (D:2)
  A worm (D:2)
  2 endoplasms
  2 giant cockroaches (D:1)
  7 goblins
  4 hobgoblins
  4 kobolds (D:1)
  A quokka (D:1)
  2 ball pythons
  3 bats (D:1)
  A rat (D:1)
30 creatures vanquished.

Notes
Turn   | Place    | Note
-------+----------+-------------------------------------------
     0 | D:1      | Kenran the Naga Chaos Knight began the quest for the Orb.
     0 | D:1      | Reached XP level 1. HP: 21/21 MP: 1/1
    11 | D:1      | XOM: silly message
   214 | D:1      | Reached XP level 2. HP: 25/28 MP: 2/2
   636 | D:1      | Found a faded altar of an unknown god.
   725 | D:2      | XOM: cloud trail
   739 | D:2      | Reached skill level 4 in Long Blades
   780 | D:2      | Reached XP level 3. HP: 23/34 MP: 3/3
   925 | D:2      | Reached XP level 4. HP: 41/42 MP: 4/4
   946 | D:2      | Noticed Robin
   958 | D:2      | HP: 1/42 [goblin/+0 club[Robin] (2)]
   958 | D:2      | Slain by Robin

Illustrated notes

Levels and vault maps discovered:
D:1:      dpeg_arrival_tiny_i, layout_basic,
          hellmonk_ecumenical_altar_inner_sanctum
D:2:      layout_basic, uniq_robin

Skill      XL: |  1  2 |
---------------+-------+-----
Long Blades    | 4 |  4.8
Fighting       | |  3.0
Armour         | |  1.5
Dodging        | |  0.7

Action                     |  1- 3 |  4- 6 || total
---------------------------+-------+-------++-------
  Melee: Falchion          |    53 |       ||    53
         Long sword        |    29 |    14 ||    43
Ability: Spit Poison       |     6 |     1 ||     7
    Use: Scroll            |     1 |       ||     1
 Armour: Leather armour    |    34 |     5 ||    39
  Dodge: Dodged            |    55 |     2 ||    57

Table legend: (Time is in decaauts)
 A = Elapsed time spent in this place.
 B = Non-inter-level travel time spent in this place.
 C = Inter-level travel time spent in this place.
 D = Time resting spent in this place.
 E = Time spent auto-exploring this place.
 F = Levels seen in this place.
 G = Mean time per level.
                   A        B        C        D        E       F      G
               +--------+--------+--------+--------+--------+-----+--------+
         Total |   1235 |   1212 |     23 |     81 |    850 |   2 |  617.5 |
       Dungeon |   1235 |   1212 |     23 |     81 |    850 |   2 |  617.5 |
               +--------+--------+--------+--------+--------+-----+--------+

Top non-repeatable levels by time:
     D:1: 912 daAuts
     D:2: 322 daAuts
